 Dungeon Crawl Stone Soup version 0.31-a0-177-g4aa6249778 (webtiles) character file.

Game seed: 4324058853551822767

8059 olmar the Basher (level 11, 0/97 HPs)
             Began as an Armataur Fighter on June 18, 2023.
             Was an Initiate of Gozag.
             Succumbed to a red devil's poison
             ... on level 10 of the Dungeon.
             The game lasted 00:10:15 (8744 turns).

olmar the Basher (Armataur Fighter)                 Turns: 8744, Time: 00:10:15

Health: 0/97       AC: 17    Str: 25    XL:     11   Next: 4%
Magic:  11/11      EV:  8    Int:  8    God:    Gozag
Gold:   1020       SH: 15    Dex: 11    Spells: 10/10 levels left

rFire   . . .        K - +5 morningstar
rCold   + . .        t - +0 tower shield
rNeg    . . .        C - +2 plate armour {rC+}
rPois   .            r - +0 helmet
rElec   .            (no cloak)
rCorr   .            H - +0 pair of gloves
SInv    .            (no barding)
Will    .....        (no amulet) Stlth
                     j - +4 ring of protection
HPRegen 0.36/turn    v - +5 ring of evasion
MPRegen 0.12/turn

%: roll
@: lethally poisoned (0 -> -47), spiked, corroded, gold aura
A: large, rugged brown scales 3, deformed body, armoured tail, roll, long
tongue, awkward tongue
a: Renounce Religion, Potion Petition, Call Merchant, Bribe Branch


You were on level 10 of the Dungeon.
You worshipped Gozag.
Gozag was most pleased with you.
You visited 2 branches of the dungeon, and saw 11 of its levels.

You collected 1861 gold pieces.
You paid 841 gold pieces to Gozag.

Inventory:

Hand Weapons
 a - a +1 flail
 A - a +5 mace
 D - a +2 heavy flail
 K - a +5 morningstar (weapon)
 L - a +0 short sword
Missiles
 h - 9 javelins (quivered)
 N - 2 throwing nets
Armour
 b - a +0 scale mail
 c - a +0 buckler
 i - a +0 chain mail
 r - a +0 helmet (worn)
 t - a +0 tower shield (worn)
 C - a +2 plate armour of cold resistance (worn)
 H - a +0 pair of gloves (worn)
 I - a scarf of harm
Jewellery
 j - a +4 ring of protection (left hand)
 v - a +5 ring of evasion (right hand)
 y - a ring of willpower
Wands
 M - a wand of digging (4)
 P - a wand of polymorph (3)
Scrolls
 f - 2 scrolls of blinking
 g - 2 scrolls of noise
 k - 2 scrolls of poison {unknown}
 l - 5 scrolls of teleportation
 n - 2 scrolls of amnesia
 p - 2 scrolls of vulnerability
 q - a scroll of butterflies {unknown}
 u - a scroll of fear {unknown}
 w - a scroll of silence {unknown}
 B - 2 scrolls of immolation {unknown}
 E - a scroll of enchant armour {unknown}
 F - 2 scrolls of revelation {unknown}
 G - 2 scrolls of identify
 Q - 3 scrolls of fog {unknown}
Potions
 d - 2 potions of might
 e - 8 potions of curing
 m - 4 potions of lignification
 o - 3 potions of enlightenment
 s - a potion of mutation
 x - 2 potions of heal wounds {unknown}
 z - a potion of invisibility {unknown}
 J - a potion of berserk rage {unknown}
 O - a potion of magic {unknown}


   Skills:
 + Level 6.5 Fighting
 + Level 10.6 Maces & Flails
 + Level 1.2 Throwing
 + Level 10.1 Armour
 - Level 0.1 Dodging
 + Level 9.0 Shields


You had 10 spell levels left.
You didn't know any spells.
Your spell library contained the following spells:

 Spells                   Type           Power      Damage    Failure   Level
 Poisonous Vapours        Pois/Air       0%         N/A       100%        2
 Mephitic Cloud           Conj/Pois/Air  0%         N/A       100%        3
 Freezing Cloud           Conj/Ice/Air   0%         6-21      100%        5


Dungeon Overview and Level Annotations

Branches:
Dungeon (10/15)            Temple (1/1) D:4            Lair (0/5) D:9
    Orc: D:9-12

Altars:
Ashenzari
Cheibriados
Dithmenos
Elyvilon
Fedhas
Gozag
Hepliaklqana
Kikubaaqudgha
Makhleb
Nemelex Xobeh
Okawaru
Qazlal
Ru
Sif Muna
Trog
Uskayaw
Vehumet
Wu Jian
Xom
Yredelemnul
Zin
The Shining One

Shops:
D:1 ?[*   D:6 (   D:9 [

Annotations:
D:6 4 runed translucent doors, Crazy Yiuf; rinse's ghost, weakling KoDe


Innate Abilities, Weirdness & Mutations

You are completely covered in rugged brown scales. (AC +3, +7% HP)
Armour fits poorly on your strangely shaped body.
You have a long armoured tail.
You roll when moving toward enemies. (Rampage)
Your long tongue fully drains potion bottles. (2x potion effects)
Your tongue gives you trouble enunciating. (1.5x scroll delay)


Message History

The crimson imp blinks!
The kobold demonologist hits you but does no damage.
The kobold brigand hits you but does no damage.
You block the red devil's attack. x2; You block the kobold brigand's attack.
The kobold is distracted by your dazzling golden aura.
Unknown command.
You bludgeon the rust devil!!
The rust devil is heavily wounded.
You feel very sick.
The kobold is no longer distracted by gold.
The crimson imp grinds its teeth.
You block the rust devil's attack.
The red devil hits you but does no damage.
You are more poisoned.
The kobold brigand hits you but does no damage.
You miss the kobold demonologist.
The kobold demonologist is lightly wounded.
You feel very sick. The crimson imp spits at you. The rust devil hits you.
The rust devil corrodes you!
The red devil hits you from afar with a +2 trident of venom!!
Barbed spikes become lodged in your body.
You are lethally poisoned!
The kobold brigand hits you but does no damage.
You closely miss the kobold demonologist.
The kobold demonologist is lightly wounded.
* * * LOW HITPOINT WARNING * * *
You feel extremely sick. You block the rust devil's attack.
The red devil hits you from afar with a +2 trident of venom!
* * * LOW HITPOINT WARNING * * *
Barbed spikes become lodged in your body.
You are more poisoned.
The kobold brigand closely misses you.
The kobold demonologist closely misses you.
Blink to where?
Press: ? - help, Dir - move target As you slowly read the scroll of blinking, it crumbles to dust.
You die...
Your body crumbles into a pile of gold.

#..5KKK4...# ########
#..KK4KK...# # #ยง# #.#
#.## #..# #####'###
#.......######
#.....@.'....##########
+.......####.##........
#.......# #..#........
#.......# ##.#........
#.......# #.#........
##+###### #.'........
###........ #........
##'######


You could see a rust devil (summoned) and a kobold brigand.

Vanquished Creatures
  Harold (D:9)
  A two-headed ogre (D:8)
  Pikel (D:9)
  Maggie (D:9)
  A kobold demonologist (D:10)
  A hornet (D:9)
  Sigmund (D:3)
  2 wraiths
  7 yaks (D:9)
  3 steam dragons (D:8)
  4 water moccasins (D:9)
  An ice beast (D:8)
  4 orc warriors
  3 black bears
  An ogre (D:4)
  2 centaurs
  A phantom (D:5)
  A lemure (D:9)
  5 bullfrogs
  2 gnoll sergeants
  3 scorpions
  8 wights
  5 killer bees (D:9)
  2 howler monkeys
  2 electric eels (D:7)
  6 hounds
  4 orc priests
  A jelly (D:7)
  2 sleepcaps
  3 iron imps (D:3)
  Ijyb (D:3)
  An iguana (D:4)
  6 orc wizards
  11 gnolls
  6 adders
  3 river rats (D:6)
  A shadow imp (D:8)
  An ufetubus (D:7)
  2 worms
  2 dart slugs
  19 orcs
  10 ball pythons
  6 bats
  8 endoplasms
  5 giant cockroaches
  7 goblins
  9 hobgoblins
  7 jackals
  5 quokkas
  A frilled lizard (D:3)
  10 kobolds
  7 rats
207 creatures vanquished.

Notes
Turn   | Place    | Note
-------+----------+-------------------------------------------
     0 | D:1      | olmar the Armataur Fighter began the quest for the Orb.
     0 | D:1      | Reached XP level 1. HP: 19/19 MP: 1/1
    32 | D:1      | Found Extopr Detz's Armour Emporium.
   107 | D:1      | Reached XP level 2. HP: 26/26 MP: 2/2
   241 | D:1      | Found Kohenn's General Store.
   348 | D:1      | Found Sijo's Magic Scroll Boutique.
   466 | D:1      | Reached XP level 3. HP: 33/33 MP: 3/3
   991 | D:2      | You fall into a shaft and drop 2 floors!
  1022 | D:4      | Reached XP level 4. HP: 25/40 MP: 4/4
  1119 | D:4      | Found a staircase to the Ecumenical Temple.
  1128 | Temple   | Entered the Ecumenical Temple
  1133 | Temple   | Became a worshipper of Gozag Ym Sagoz the Greedy
  1158 | D:4      | Noticed an ogre
  1165 | D:4      | Killed an ogre
  1166 | D:4      | Reached skill level 5 in Armour
  1166 | D:4      | Reached XP level 5. HP: 48/48 MP: 5/5
  1320 | D:4      | Reached XP level 6. HP: 54/54 MP: 6/6
  1999 | D:5      | Entered Level 5 of the Dungeon
  2116 | D:5      | Reached XP level 7. HP: 44/62 MP: 7/7
  2531 | D:3      | Noticed Sigmund
  2538 | D:3      | Killed Sigmund
  2538 | D:3      | Noticed Ijyb
  2539 | D:3      | Reached skill level 5 in Maces & Flails
  2546 | D:3      | Killed Ijyb
  2716 | D:3      | Reached skill level 1 in Throwing
  2919 | D:3      | Found an iron altar of Okawaru.
  2921 | D:3      | Found a snail-covered altar of Cheibriados.
  2921 | D:3      | Found a snail-covered altar of Cheibriados.
  3051 | D:3      | Found a hazy altar of Hepliaklqana.
  3051 | D:3      | Found a shimmering altar of Xom.
  3051 | D:3      | Found a radiant altar of Vehumet.
  3109 | D:3      | Found a burning altar of Makhleb.
  3501 | D:2      | Found a faded altar of an unknown god.
  3952 | D:6      | Reached skill level 5 in Shields
  3952 | D:6      | Reached XP level 8. HP: 59/70 MP: 8/8
  4056 | D:6      | Found a runed translucent gate.
  4057 | D:6      | Noticed rinse's ghost (weakling KoDe)
  4060 | D:6      | Found a runed translucent gate.
  4060 | D:6      | Found a runed translucent gate.
  4230 | D:6      | Found Goquash's Weapon Shop.
  4793 | D:6      | Reached skill level 5 in Fighting
  4864 | D:6      | Found a runed translucent door.
  4865 | D:6      | Noticed Crazy Yiuf
  5358 | D:7      | Reached XP level 9. HP: 74/79 MP: 9/9
  5757 | D:7      | Found a shadowy altar of Dithmenos.
  5899 | D:7      | Found a white marble altar of Elyvilon.
  6016 | D:7      | Identified the +1 leather armour of Hysteria {Str+2}
  6713 | D:8      | Noticed a two-headed ogre
  6719 | D:8      | Killed a two-headed ogre
  6820 | D:8      | Found a basalt altar of Yredelemnul.
  7287 | D:9      | Found an ornate altar of the Wu Jian Council.
  7330 | D:9      | Reached XP level 10. HP: 88/88 MP: 10/10
  7539 | D:9      | Noticed Harold
  7561 | D:9      | Killed Harold
  7567 | D:9      | Reached skill level 10 in Maces & Flails
  7585 | D:9      | Found a staircase to the Lair.
  7777 | D:9      | Found Ofuurr's Antique Armour Shoppe.
  7849 | D:9      | Noticed Pikel
  7858 | D:9      | Killed Pikel
  7859 | D:9      | Reached skill level 10 in Armour
  8002 | D:9      | Found a glowing golden altar of the Shining One.
  8123 | D:9      | Noticed Maggie
  8137 | D:9      | Killed Maggie
  8289 | D:9      | Identified the +0 leather armour "Aduisaem" {+Inv Str+3}
  8479 | D:10     | Entered Level 10 of the Dungeon
  8521 | D:10     | Reached XP level 11. HP: 90/97 MP: 11/11
  8744 | D:10     | Succumbed to a red devil's poison

Illustrated notes

Levels and vault maps discovered:
D:1:      co_arrival_hexagon_in_a_hexagon, layout_basic, serial_shops, shop,
          nicolae_shop_waterfront, shop_fountains
D:2:      layout_basic, dreamdust_ecumenical_altar_statues,
          minmay_joined_circles
D:3:      layout_basic, doesnt_xom_only_xom, demons_altar, uniq_ijyb,
          uniq_sigmund
D:4:      layout_loops_corners, minmay_temple_entry_glass
D:5:      layout_rooms, minmay_crystal_water
D:6:      layout_basic, serial_shops, nicolae_shop_bloodbath_and_beyond,
          portal_sewer_entry_e, gammafunk_ghost_nasty_kobolds,
          uniq_crazy_yiuf_cottage
D:7:      layout_basic, nicolae_overflow_squiral, serial_aquarium,
          aquarium_bridge_square [aquarium_subvault_bridge,
          aquarium_subvault_bridge, aquarium_subvault_bridge,
          aquarium_subvault_wall], aquarium_window_1, aquarium_window_fake,
          aquarium_view_2e, nicolae_water_bricks, grunt_ministairs_11
D:8:      cheibrodos_steamvent, layout_loops_cross, mainiacjoe_overflow_catwalk
D:9:      layout_loops_ring, amcnicky_altar_gilded,
          nicolae_tso_swordbearing_angel, due_lair_maze_entry_diamond,
          serial_shops, nicolae_shop_stone, uniq_maggie, uniq_harold, uniq_pikel
D:10:     layout_roguey, enter_trove_1
Temple:   minmay_freezing_vapour_temple

Skill      XL: |  1  2  3  4  5  6  7  8  9 10 11 |
---------------+----------------------------------+-----
Fighting       | 3 4 5 6 |  6.5
Armour         | 4 5 6 7 9 10 | 10.1
Maces & Flails | 2 3 4 6 7 8 10 | 10.6
Shields        | 4 5 7 8 9 |  9.0
Throwing       | 1 |  1.2
Dodging        | |  0.1

Action                     |  1- 3 |  4- 6 |  7- 9 | 10-12 || total
---------------------------+-------+-------+-------+-------++-------
  Melee: Flail             |   133 |    77 |   171 |       ||   381
         Tailslap          |    10 |    10 |    57 |    36 ||   113
         Mace              |       |       |   117 |       ||   117
         Morningstar       |       |       |    66 |   201 ||   267
         Unarmed           |       |       |       |     1 ||     1
  Throw: Javelin           |       |     4 |     4 |       ||     8
 Invoke: Potion Petition   |       |       |     1 |       ||     1
    Use: Scroll            |       |     4 |     6 |     1 ||    11
         Potion            |       |       |       |     1 ||     1
   Stab: Distracted        |       |       |     2 |     1 ||     3
 Armour: Scale mail        |    50 |       |       |       ||    50
         Chain mail        |    49 |    59 |   112 |       ||   220
         Skin              |       |       |     2 |       ||     2
         Plate armour      |       |       |    63 |    93 ||   156
  Dodge: Dodged            |    54 |    22 |   143 |    48 ||   267
  Block: Buckler           |    36 |    19 |    47 |       ||   102
         Tower shield      |       |       |   105 |   143 ||   248

Table legend: (Time is in decaauts)
 A = Elapsed time spent in this place.
 B = Non-inter-level travel time spent in this place.
 C = Inter-level travel time spent in this place.
 D = Time resting spent in this place.
 E = Time spent auto-exploring this place.
 F = Levels seen in this place.
 G = Mean time per level.
                   A        B        C        D        E       F      G
               +--------+--------+--------+--------+--------+-----+--------+
         Total |   8948 |   8701 |    247 |    407 |   6611 |  11 |  813.5 |
       Dungeon |   8935 |   8688 |    247 |    407 |   6611 |  10 |  893.5 |
        Temple |     13 |     13 |      0 |      0 |      0 |   1 |   13.0 |
               +--------+--------+--------+--------+--------+-----+--------+

Top non-repeatable levels by time:
     D:9: 1332 daAuts
     D:7: 1302 daAuts
     D:6: 1198 daAuts
     D:4: 1075 daAuts
     D:8: 873 daAuts
     D:2: 840 daAuts
     D:3: 792 daAuts
     D:1: 769 daAuts
     D:5: 480 daAuts
    D:10: 270 daAuts
  Temple: 13 daAuts
